cohdb
Replays
Latest Replays
All Replays
Popular Replays
Top Player Replays
Match Explorer
How It Works
Community
CoH3 Stats
Reddit
Sign in to upload your games and track your stats! →
Sign in with Steam
Match 41581349
Unlisted
Match 41581349
Overview
Messages
Build Orders
End
Royal Engineer Section
Construct Section Command Post
Infantry Section
Dingo Light Scout Car
Infantry Section
Infantry Section
Construct Platoon Command Post
Unlock M3 Stuart Light Tanks
Selects Air and Sea Battlegroup
Selects Commando Section Paradrop
Selects Commando Support Section Paradrop
Selects Supply Surplus
M3 Stuart Light Tank
Infantry Training
Construct Field Infirmary
Commando Section Paradrop
Grenade Package
Commando Section Paradrop
Construct Company Command Post
Crusader II Medium Tank
Null
Orange Cat
0
0
Comments
sign in to comment!
No comments posted yet!